AoeStats
← felip3.diaz

Nomad

509775800Analyzed
3v3 RM · 4d ago on Sep 28, 2026· 68m 58s· 6 players
Game mode
Random Map
Map size
210×210
Population
200
Speed
Normal
Resources
Standard
Victory
Conquest
Starting age
Dark Age
Ending age
Imperial Age
RankedLock teamsTeams togetherTeam positionsShared explorationLock speedFull tech treeHidden civsTurbo modeCheats
Victory
Defeat
🇨🇴 Magyars · Colombia
949
+16
🇨🇴 Huns · Colombia
940
+16
🇪🇸 Khmer · Spain
883
+18
🇩🇴 Persians · Dominican Republic
996
-19
🇩🇴 Georgians · Dominican Republic
965
-18
🇩🇴 Gurjaras · Dominican Republic
854
-13
juandaosp12
6:47 Loom
13:42 Feudal Age
14:26 Double-Bit Axe
14:23 Horse Collar
20:23 Wheelbarrow
23:55 Castle Age
24:42 Bloodlines
26:31 Husbandry
27:07 Gold Mining
27:07 Stone Mining
28:29 Thumb Ring
29:55 Scale Barding Armor
29:41 Fletching
35:28 Heavy Plow
35:40 Bow Saw
36:11 Gold Shaft Mining
35:42 Light Cavalry
37:50 Chain Barding Armor
37:25 Bodkin Arrow
42:29 Imperial Age
42:54 Hand Cart
42:24 Town Watch
42:47 Cavalier
45:37 Crop Rotation
46:08 Two-Man Saw
47:38 Paladin
50:20 Plate Barding Armor
57:53 Conscription
58:10 Hoardings
felip3.diaz
13:26 Feudal Age
15:00 Bloodlines
24:09 Scale Barding Armor
29:30 Wheelbarrow
31:00 Castle Age
31:49 Husbandry
31:11 Light Cavalry
32:23 Forging
31:44 Pikeman
40:32 Squires
46:56 Marauders
46:53 Gold Mining
47:13 Scale Mail Armor
51:09 Imperial Age
49:35 Chain Barding Armor
51:15 Cavalier
51:20 Hussar
52:41 Paladin
56:54 Conscription
57:28 Plate Barding Armor
58:30 Iron Casting
62:49 Blast Furnace
67:56 Spies/Treason
sebastianmedina9725
19:36 Feudal Age
22:21 Castle Age
27:19 Gold Mining
27:20 Stone Mining
27:20 Double-Bit Axe
32:51 Demolition Ship
42:58 Tusk Swords
52:52 Ballistics
60:21 Husbandry
60:31 Bloodlines
59:41 Light Cavalry
61:25 Scale Barding Armor
61:21 Scale Mail Armor
61:31 Forging
61:12 Fletching
61:22 Padded Archer Armor
BRUCEWILLY
4:52 Loom
16:26 Feudal Age
16:52 Double-Bit Axe
17:50 Wheelbarrow
17:00 Town Watch
17:51 Horse Collar
22:31 Fishing Lines
32:11 Forging
32:02 Scale Mail Armor
32:08 Scale Barding Armor
32:19 Gold Mining
34:43 Castle Age
34:58 Pikeman
35:39 Squires
35:25 Arson
48:59 Gillnets
51:22 Hand Cart
56:07 Svan Towers
TruenoG7
3:06 Loom
13:58 Feudal Age
14:48 Double-Bit Axe
14:47 Horse Collar
15:44 Wheelbarrow
15:36 Town Watch
16:34 Gold Mining
22:28 Castle Age
21:28 Bloodlines
21:30 Forging
22:02 Fishing Lines
22:32 Scale Barding Armor
22:25 Light Cavalry
23:10 Husbandry
27:18 Hand Cart
27:20 Stone Mining
29:31 Iron Casting
30:06 Town Patrol
32:19 Chain Barding Armor
36:15 Bow Saw
36:09 Heavy Plow
37:46 Masonry
37:38 Murder Holes
39:04 Ballistics
38:37 Fletching
38:48 Padded Archer Armor
39:36 Kamandaran
40:46 Bodkin Arrow
41:48 Gold Shaft Mining
44:56 Crossbowman
45:43 Thumb Ring
46:40 Leather Archer Armor
50:29 Imperial Age
51:02 Stone Shaft Mining
51:27 Crop Rotation
52:01 Two-Man Saw
51:39 Hoardings
51:24 Conscription
50:46 Cavalier
51:59 Citadels
Dios Kira 09
10:16 Loom
15:39 Feudal Age
17:46 Double-Bit Axe
23:38 Castle Age
31:44 Forging
34:55 Bloodlines
34:46 Husbandry
37:10 Wheelbarrow
36:22 Town Watch
36:32 Gold Mining
37:19 Horse Collar
38:39 Kshatriyas
41:21 Gold Shaft Mining
54:52 Imperial Age
59:44 Iron Casting
59:10 Scale Mail Armor
Connection lost

Rejoining the realm…

Still unreachable

The connection could not be restored.

Session expired

The server has moved on; the page needs a fresh start.